 Dungeon Crawl Stone Soup version 0.27.0-1-g7a089689b8 (webtiles) character file.

Game seed: 11366220625066999321

127 ZombieSheep the Grave Robber (level 5, -3/37 HPs)
             Began as a Gnoll Wanderer on Aug 7, 2021.
             Was a Believer of Elyvilon.
             Slain by Duvessa (9 damage)
             ... on level 4 of the Dungeon.
             The game lasted 00:05:17 (3206 turns).

ZombieSheep the Grave Robber (Gnoll Wanderer)       Turns: 3206, Time: 00:05:18

Health: -3/37      AC:  9    Str: 11    XL:     5   Next: 11%
Magic:  12/12      EV:  9    Int: 14    God:    Elyvilon [**....]
Gold:   64         SH:  0    Dex: 16    Spells: 14/14 levels left

rFire    . . .     SeeInvis .   a - +4 short sword
rCold    + . .     Faith    .   (no shield)
rNeg     . . .     Spirit   .   b - +2 scale mail
rPois    .         Reflect  .   (no helmet)
rElec    .         Harm     .   (no cloak)
rCorr    .         Rampage  .   (no gloves)
Will     .....                  (no boots)
Stlth    +.........             (no amulet)
HPRegen  0.12/turn              i - ring of protection from cold
MPRegen  0.13/turn              d - +6 ring of dexterity

@: no status effects
A: fangs 1, strong nose, distributed training
a: Renounce Religion, Lesser Healing, Heal Other, Divine Protection


You were on level 4 of the Dungeon.
You worshipped Elyvilon.
Elyvilon was pleased with you.
You visited 1 branch of the dungeon, and saw 4 of its levels.

You collected 64 gold pieces.

Inventory:

Hand Weapons
 a - a +4 short sword (weapon)
 h - a +0 hand axe
 n - a +0 lajatang
Armour
 b - a +2 scale mail (worn)
Jewellery
 d - a +6 ring of dexterity (right hand)
 g - an amulet of faith
 i - a ring of protection from cold (left hand)
 k - a +4 ring of evasion
Scrolls
 c - 3 scrolls of teleportation
 j - a scroll of enchant armour
 o - 3 scrolls of fog {unknown}
Potions
 e - a potion of magic
 f - a potion of flight
 l - 3 potions of attraction
 m - a potion of brilliance {unknown}
 p - 2 potions of curing {unknown}


   Skills:
 + Level 1.3 Fighting
 + Level 1.3 Short Blades
 + Level 1.3 Long Blades
 + Level 2.9 Axes
 + Level 1.3 Maces & Flails
 + Level 1.3 Polearms
 + Level 1.3 Staves
 + Level 1.3 Slings
 + Level 1.3 Bows
 + Level 1.3 Crossbows
 + Level 1.3 Throwing
 + Level 4.7 Armour
 + Level 1.3 Dodging
 + Level 2.7 Stealth
 + Level 2.9 Shields
 + Level 1.3 Unarmed Combat
 + Level 5.1 Spellcasting
 + Level 1.1 Conjurations
 + Level 1.1 Hexes
 + Level 1.1 Summonings
 + Level 5.5 Necromancy
 + Level 1.1 Translocations
 + Level 1.1 Transmutations
 + Level 1.1 Fire Magic
 + Level 1.1 Ice Magic
 + Level 1.1 Air Magic
 + Level 1.1 Earth Magic
 + Level 1.1 Poison Magic
 + Level 1.5 Invocations
 + Level 1.3 Evocations


You had 14 spell levels left.
You didn't know any spells.
Your spell library contained the following spells:

 Spells                   Type           Power      Damage    Failure   Level
 Passwall                 Tmut/Erth      5%         N/A       65%         2
 Swiftness                Air            6%         N/A       86%         3
 Invisibility             Hex            3%         N/A       100%        6


Dungeon Overview and Level Annotations

Branches:
Dungeon (4/15)
 Temple: D:4-7

Altars:
Ashenzari
Cheibriados
Elyvilon
Fedhas
Gozag
Kikubaaqudgha
Qazlal
Uskayaw
Zin

Shops:
D:1 (

Annotations:
D:4 Duvessa


Innate Abilities, Weirdness & Mutations

You have very sharp teeth.
Your uncanny sense of smell can sniff out nearby items.
Your experience applies equally to all skills.


Message History

Duvessa is no longer blind.
Duvessa closely misses you.
You hit Duvessa but do no damage.
Duvessa is moderately wounded.
Duvessa barely misses you.
You closely miss Duvessa.
Duvessa is moderately wounded.
Duvessa hits you with a +0 short sword.
Throw: 3 darts (atropa)
Press: ? - help, Q - select action, (/) - cycle Shift-Dir - straight line, f/p - Duvessa
Aim: Duvessa, wielding a +0 short sword and wearing a +0 leather armour (moderately wounded, 63% to hit, chance to blind on hit: 67%)
You throw an atropa-tipped dart.
The atropa-tipped dart barely misses Duvessa.
Duvessa hits you with a +0 short sword.
Throw: 2 darts (atropa)
Press: ? - help, Q - select action, (/) - cycle Shift-Dir - straight line, f/p - Duvessa
Aim: Duvessa, wielding a +0 short sword and wearing a +0 leather armour (moderately wounded, 63% to hit, chance to blind on hit: 67%)
You throw an atropa-tipped dart. The atropa-tipped dart hits Duvessa.
Duvessa appears confused.
Duvessa is moderately wounded.
Duvessa seems less confused.
Duvessa hits you but does no damage.
You see here 2 atropa-tipped darts.
You closely miss Duvessa.
Duvessa is moderately wounded.
Duvessa hits you with a +0 short sword!
You completely miss Duvessa.
Duvessa is moderately wounded.
Duvessa hits you but does no damage.
You hit Duvessa.
Duvessa is moderately wounded.
Duvessa is no longer blind.
Duvessa hits you with a +0 short sword!
You are too injured to fight recklessly!
Throw: dart (atropa)
Press: ? - help, Q - select action, (/) - cycle Shift-Dir - straight line, f/p - Duvessa
Aim: Duvessa, wielding a +0 short sword and wearing a +0 leather armour (moderately wounded, 63% to hit, chance to blind on hit: 72%)
You throw an atropa-tipped dart.
The atropa-tipped dart closely misses Duvessa.
Duvessa hits you with a +0 short sword!
* * * LOW HITPOINT WARNING * * *
Duvessa hits you with a +0 short sword!
You die...

########..._...#..###...
##.....####.........#
#.......#####........
#.........####.......#
#.........##..........
#............#######..
#.........#### ##
#.........########
#........@#....=.##
#........e(........
........(.........
........(........
.................
...............$.
#.....#..........
########.........
..........


You could see Duvessa.

Vanquished Creatures
  A hound (D:4)
  A killer bee zombie (D:3)
  2 adders (D:3)
  2 dart slugs
  5 orcs (D:3)
  4 bats
  6 endoplasms
  A giant cockroach (D:1)
  5 goblins
  3 hobgoblins
  8 jackals
  3 kobolds
  3 ball pythons
  3 frilled lizards
  2 rats (D:1)
49 creatures vanquished.

Notes
Turn   | Place    | Note
-------+----------+-------------------------------------------
     0 | D:1      | ZombieSheep the Gnoll Wanderer began the quest for the Orb.
     0 | D:1      | ZombieSheep set off with the following items: a +0 hand
                  | axe, a +2 scale mail, a scroll of teleportation
     0 | D:1      | Reached XP level 1. HP: 13/13 MP: 6/6
   274 | D:1      | Reached XP level 2. HP: 19/19 MP: 7/7
   632 | D:1      | Found Urram's Antique Weapon Shoppe.
   980 | D:2      | Reached XP level 3. HP: 25/25 MP: 9/9
   982 | D:2      | Reached skill level 5 in Spellcasting
  1374 | D:2      | Found a faded altar of an unknown god.
  1377 | D:2      | Became a worshipper of Elyvilon the Healer
  1377 | D:2      | Reached * piety under Elyvilon
  1893 | D:3      | Reached skill level 1 in Invocations
  2078 | D:3      | Reached skill level 1 in Fighting
  2078 | D:3      | Reached skill level 1 in Short Blades
  2078 | D:3      | Reached skill level 1 in Long Blades
  2078 | D:3      | Reached skill level 1 in Maces & Flails
  2078 | D:3      | Reached skill level 1 in Polearms
  2078 | D:3      | Reached skill level 1 in Staves
  2078 | D:3      | Reached skill level 1 in Slings
  2078 | D:3      | Reached skill level 1 in Bows
  2078 | D:3      | Reached skill level 1 in Crossbows
  2078 | D:3      | Reached skill level 1 in Throwing
  2078 | D:3      | Reached skill level 1 in Dodging
  2078 | D:3      | Reached skill level 1 in Unarmed Combat
  2078 | D:3      | Reached skill level 1 in Evocations
  2108 | D:3      | Reached ** piety under Elyvilon
  2219 | D:3      | Reached XP level 4. HP: 13/32 MP: 9/11
  2861 | D:3      | Reached skill level 1 in Conjurations
  2861 | D:3      | Reached skill level 1 in Hexes
  2861 | D:3      | Reached skill level 1 in Summonings
  2861 | D:3      | Reached skill level 1 in Translocations
  2861 | D:3      | Reached skill level 1 in Transmutations
  2861 | D:3      | Reached skill level 1 in Fire Magic
  2861 | D:3      | Reached skill level 1 in Ice Magic
  2861 | D:3      | Reached skill level 1 in Air Magic
  2861 | D:3      | Reached skill level 1 in Earth Magic
  2861 | D:3      | Reached skill level 1 in Poison Magic
  2981 | D:4      | Found a hide-covered altar of Uskayaw.
  2981 | D:4      | Found a broken altar of Ashenzari.
  2981 | D:4      | Found a glowing silver altar of Zin.
  2981 | D:4      | Found an opulent altar of Gozag.
  2981 | D:4      | Found a blossoming altar of Fedhas.
  2991 | D:4      | Found a stormy altar of Qazlal.
  2992 | D:4      | Found an ancient bone altar of Kikubaaqudgha.
  3137 | D:4      | Found a snail-covered altar of Cheibriados.
  3170 | D:4      | Reached XP level 5. HP: 36/37 MP: 12/12
  3173 | D:4      | Noticed Duvessa
  3206 | D:4      | Slain by Duvessa

Illustrated notes

Levels and vault maps discovered:
D:1:      dpeg_arrival_short_road, layout_loops_ring, serial_shops, shop,
          grunt_decor_mini_mirrors
D:2:      layout_loops_corners, ebering_ecumenical_altar_rust
D:3:      layout_loops_ring
D:4:      layout_rooms, grunt_temple_overflow_open, roderic_roman_lattice,
          uniq_duvessa

Skill      XL: |  1  2  3  4 |
---------------+-------------+-----
Spellcasting   | 5 |  5.1
Invocations    | 1 |  1.5
Fighting       | 1 |  1.3
Short Blades   | 1 |  1.3
Long Blades    | 1 |  1.3
Maces & Flails | 1 |  1.3
Polearms       | 1 |  1.3
Staves         | 1 |  1.3
Slings         | 1 |  1.3
Bows           | 1 |  1.3
Crossbows      | 1 |  1.3
Throwing       | 1 |  1.3
Dodging        | 1 |  1.3
Unarmed Combat | 1 |  1.3
Evocations     | 1 |  1.3
Conjurations   | 1 |  1.1
Hexes          | 1 |  1.1
Summonings     | 1 |  1.1
Translocations | 1 |  1.1
Transmutations | 1 |  1.1
Fire Magic     | 1 |  1.1
Ice Magic      | 1 |  1.1
Air Magic      | 1 |  1.1
Earth Magic    | 1 |  1.1
Poison Magic   | 1 |  1.1
Axes           | |  2.9
Armour         | |  4.7
Stealth        | |  2.7
Shields        | |  2.9
Necromancy     | |  5.5

Action                   |  1- 3 |  4- 6 || total
-------------------------+-------+-------++-------
Melee: Hand axe          |    33 |       ||    33
       Bite              |     7 |     3 ||    10
       Short sword       |    87 |    39 ||   126
Throw: Dart              |       |     7 ||     7
Invok: Lesser Healing    |     2 |       ||     2
  Use: Scroll            |     3 |     3 ||     6
 Stab: Sleeping          |       |     1 ||     1
       Invisible         |       |     1 ||     1
Armor: Scale mail        |    90 |    21 ||   111
Dodge: Dodged            |    41 |    16 ||    57
